 Dungeon Crawl Stone Soup version 0.26-a0-639-g72c4674329 (webtiles) character file.

Game seed: 10095044711062791010

(classic levelgen) 21797 EnegeticOcto the Cleaver (level 12, -4/112 HPs)
             Began as a Deep Dwarf Fighter on Sept 28, 2020.
             Was a High Priest of Makhleb.
             Killed from afar by an orc sorcerer (39 damage)
             ... with a bolt of fire
             ... on level 2 of the Orcish Mines.
             The game lasted 00:07:04 (8615 turns).

EnegeticOcto the Cleaver (Deep Dwarf Fighter)       Turns: 8615, Time: 00:07:04

Health: -4/112     AC: -1    Str: 29    XL:     12   Next: 57%
Magic:  11/11      EV:  8    Int: 11    God:    Makhleb [*****.]
Gold:   863        SH: 14    Dex: 12    Spells: 11/11 levels left

rFire    . . .     SeeInvis .   a - +0 war axe (protect)
rCold    + . .     Faith    .   y - +1 kite shield {AC+3}
rNeg     + . .     Spirit   .   s - +2 chain mail of Beoboaf {rPois rN+ Slay+2}
rPois    +         Reflect  .   i - +2 helmet
rElec    .         Harm     .   r - scarf {repulsion}
rCorr    .         Rampage  .   D - +2 pair of gloves
MR       +....                  k - +1 pair of boots
Stlth    ..........             (no amulet)
HPRegen  0.00/turn              m - +6 ring of strength
MPRegen  0.12/turn              b - ring of protection from cold

@: corroded, non-regenerating, repel missiles
A: damage resistance, heal wounds, sense surroundings 2, no regeneration
a: Heal Wounds, Minor Destruction, Lesser Servant of Makhleb, Major Destruction,
Greater Servant of Makhleb, Renounce Religion


You were on level 2 of the Orcish Mines.
You worshipped Makhleb.
Makhleb was extremely pleased with you.
You visited 3 branches of the dungeon, and saw 15 of its levels.
You also visited: Bailey.

You collected 1108 gold pieces.
You spent 245 gold pieces at shops.

Inventory:

Hand Weapons
 a - a +0 war axe of protection (weapon)
Missiles
 t - 3 throwing nets (quivered)
Armour
 i - a +2 helmet (worn)
 k - a +1 pair of boots (worn)
 r - a scarf of repulsion (worn)
 s - the +2 chain mail of Beoboaf (worn) {rPois rN+ Slay+2}
   (You found it in a bailey)

   It affects your accuracy and damage with ranged weapons and melee attacks
   (+2).
   It protects you from poison.
   It protects you from negative energy.
 y - a +1 kite shield of protection (worn)
 z - a +0 plate armour
 D - a +2 pair of gloves (worn)
Jewellery
 b - a ring of protection from cold (right hand)
 m - a +6 ring of strength (left hand)
Wands
 l - a wand of acid (15) {@v1}
 n - a wand of iceblast (40) {@v2}
 u - a wand of paralysis (23)
 B - a wand of enslavement (2)
 C - a wand of disintegration (18)
Scrolls
 f - 8 scrolls of remove curse {@r2}
 g - a scroll of teleportation {@r3}
 j - 5 scrolls of identify {@r1}
 o - a scroll of enchant armour
 v - a scroll of brand weapon
Potions
 c - a potion of berserk rage {unknown}
 d - a potion of might {@q3}
 e - 5 potions of curing {@q1}
 h - a potion of ambrosia
 p - 2 potions of heal wounds {@q2}
 q - 2 potions of cancellation
 w - 2 potions of flight
 A - a potion of invisibility {unknown}
Miscellaneous
 x - a condenser vane (inert)


   Skills:
 + Level 8.4 Fighting
 * Level 13.3 Axes
 + Level 10.1 Armour
 + Level 10.1 Shields
 + Level 10.3 Invocations
 + Level 4.2 Evocations


You had 11 spell levels left.
You didn't know any spells.
Your spell library was empty.

Dungeon Overview and Level Annotations

Branches:
Dungeon (12/15)            Temple (1/1) D:5            Lair (0/6) D:9
    Orc (2/2) D:9             Elf (0/3) Orc:2        Bailey (visited)

Altars:
Cheibriados
Dithmenos
Elyvilon
Fedhas
Gozag
Kikubaaqudgha
Makhleb
Ru
Sif Muna
Trog
Vehumet
Wu Jian
Xom
Yredelemnul
Zin
The Shining One

Shops:
D:7 [   D:11 *

Annotations:
D:11 3 runed translucent doors, Sassenached's ghost, novice DrWn


Innate Abilities, Weirdness & Mutations

You are resistant to damage.
You can heal yourself by infusing magical energy.
You passively map the area around you.
You do not regenerate.


Message History

The orc priest is severely wounded.
You closely miss the orc knight. You hit the chaos spawn.
You closely miss the orc high priest. You hit the rust devil.
The orc high priest hits you but does no damage.
The chaos spawn closely misses you. The orc priest barely misses you.
You block the orc knight's attack. The rust devil hits you.
The rust devil corrodes you!
You slash the orc priest!
You kill the orc priest!
Makhleb accepts your kill.
You feel better.
You hit the ynoxinul. You hit the orc knight.
You hit the chaos spawn but do no damage.
You barely miss the orc high priest.
You hit the rust devil but do no damage.
The orc high priest hits you but does no damage.
You block the chaos spawn's attack. You block the ynoxinul's attack.
The orc knight hits you with a +2 halberd!
You block the rust devil's attack.
You closely miss the chaos spawn.
The chaos spawn is heavily wounded.
You hit the orc knight. You hit the ynoxinul but do no damage.
You barely miss the rust devil. You hit the orc high priest.
The chaos spawn hits you! The chaos spawn freezes you. You resist.
The ynoxinul hits you but does no damage.
The orc high priest hits you but does no damage.
You hit the chaos spawn but do no damage.
The chaos spawn is heavily wounded.
You slice the orc high priest!! You hit the rust devil.
You hit the ynoxinul but do no damage. You barely miss the orc knight.
The orc knight barely misses you. The rust devil hits you!
The rust devil corrodes you! The chaos spawn hits you.
The chaos spawn draws strength from your injuries!
The ynoxinul hits you but does no damage.
You are too injured to fight recklessly!
You are too injured to fight recklessly!
You are too injured to fight recklessly!
You are too injured to fight recklessly!
You are too injured to fight recklessly!
You are too injured to fight recklessly!
You are too injured to fight recklessly!
You are too injured to fight recklessly!
You are too injured to fight recklessly!
You feel much better.
The orc high priest calls down the wrath of Beogh upon you.
Beogh smites you! The rust devil completely misses you.
You block the orc knight's attack. The chaos spawn hits you.
The ynoxinul gestures at you.
The iron shot is repelled.
An orc sorcerer comes into view.
It is wielding a +0 dagger and wearing a +2 robe of fire resistance.
You block the orc high priest's attack.
The orc knight hits you from afar with a +2 halberd!!
* * * LOW HITPOINT WARNING * * *
Evoke which item? (* to show all) (? for menu, Esc to quit)
Okay, then.
You feel much better. The rust devil hits you. The rust devil corrodes you!
The orc high priest barely misses you.
The chaos spawn gores you but does no damage.
The orc knight hits you from afar with a +2 halberd!!
* * * LOW HITPOINT WARNING * * *
The ynoxinul gestures.
The orc high priest utters an invocation to Beogh.
The orc high priest is healed somewhat.
You feel much better. The orc sorcerer casts a spell at you.
You resist with almost no effort. You block the rust devil's attack.
The ufetubus hits you but does no damage.
The ufetubus barely misses you. The chaos spawn barely misses you.
The orc sorcerer mumbles some strange words.
The orc knight roars a battlecry!
The orcs go into a battle-frenzy!
You block the ufetubus's attack. The ufetubus hits you.
Things that are here:
a +0 club; 2 boomerangs; a cursed +0 chain mail Your magical essence is drained by the effort!
You feel much better. You block the ufetubus's attack. x2
The rust devil hits you. The rust devil corrodes you!
The chaos spawn gores you!
The chaos spawn draws strength from your injuries!
You block the ufetubus's attack. x2
The ynoxinul gestures.
You block the ufetubus's attack. The ufetubus barely misses you.
As you read the scroll of teleportation {@r3}, it crumbles to dust.
You feel strangely unstable. The ufetubus hits you.
You block the ufetubus's attack. The chaos spawn hits you.
The chaos spawn shocks you. The rust devil hits you.
The rust devil corrodes you!
The orc high priest hits you with a +0 scimitar!
The hellwing swoops through the air toward you!
The hellwing hits you! You block the hellwing's attack.
The ufetubus barely misses you. The ufetubus hits you.
The orc sorcerer mumbles some strange words.
The orc sorcerer shimmers violently.
The hellwing barely misses you. The hellwing hits you.
You block the ufetubus's attack. x2
Your surroundings suddenly seem different.
An orc warrior comes into view.
It is wielding a +2 hand axe of electrocution.
The orc warrior shouts!
You hear a shout!
The orc sorcerer gestures at you while chanting.
The bolt of fire hits you!!!
You die...

* #.......#..........
#.................. ###
#..........#....##. ##.##
#......#........##* ##...# *
#................# ##....## *
#................# #......# ,
#...............#####......#
,
#..............###.###.....#
,
#..........@.........o....##
,
#....................5.....#
,
#...^...........o..o.45...##
,,
#.)................5.4..### ,
#..................o43....##
#..............))....5.....#
#................))....)#.##
#...o........#.)........(##
**
##...................))....##


You could see an orc sorcerer (strong) and an orc warrior.

Vanquished Creatures
  Rupert (D:12)
  Fannar (D:11)
  Harold (D:9)
  A centaur warrior (D:10)
  Erica (D:9)
  Urug (D:11)
  3 orc knights
  2 orc sorcerers
  2 cyclopes
  An ugly thing (D:12)
  A manticore (D:12)
  A deep elf mage (D:12)
  Maurice (D:9)
  A komodo dragon (D:9)
  4 trolls
  4 hippogriffs
  3 wyverns
  12 yaks
  Grum (D:8)
  4 wargs
  A black bear (D:11)
  24 orc warriors
  4 sky beasts
  An ice beast (D:10)
  3 phantoms
  2 necrophages
  6 ogres
  2 wolves (D:8)
  5 centaurs
  3 big kobolds
  A wyvern zombie (D:8)
  3 bullfrogs
  2 water moccasin zombies
  2 scorpions
  9 killer bees
  4 wights (D:8)
  2 howler monkeys
  9 hounds
  A bullfrog zombie (D:8)
  A bullfrog skeleton (D:8)
  A jelly (D:11)
  8 orc priests
  2 centaur skeletons
  Terence (D:3)
  2 iguanas
  15 orc wizards
  11 worker ants
  A killer bee zombie (D:8)
  A hound zombie (D:8)
  3 hound skeletons
  7 gnolls (D:4)
  6 adders
  3 shadow imps
  2 white imps
  3 ufetubi
  4 adder skeletons
  A worm (D:3)
  3 leopard geckos
  61 orcs
  7 giant cockroaches
  A hobgoblin (D:3)
  8 jackals (D:4)
  4 quokkas
  4 ball pythons
  4 bats
  2 frilled lizards
  A jackal skeleton (D:9)
  12 kobolds
  A leopard gecko skeleton (D:5)
  A quokka skeleton (D:4)
  6 rats
317 creatures vanquished.

Vanquished Creatures (collateral kills)
  4 centaurs (D:11)
  2 kobolds (D:11)
6 creatures vanquished.

Vanquished Creatures (others)
  9 plants
9 creatures vanquished.

Grand Total: 332 creatures vanquished

Notes
Turn   | Place    | Note
-------+----------+-------------------------------------------
     0 | D:1      | EnegeticOcto the Deep Dwarf Fighter began the quest for the
                  | Orb.
     0 | D:1      | Reached XP level 1. HP: 20/20 MP: 1/1
   128 | D:2      | Reached XP level 2. HP: 27/27 MP: 2/2
   140 | D:3      | Found a blossoming altar of Fedhas.
   346 | D:3      | Found a basalt altar of Yredelemnul.
   346 | D:3      | Found a snail-covered altar of Cheibriados.
   351 | D:3      | Found a shimmering altar of Xom.
   353 | D:3      | Found a shimmering blue altar of Sif Muna.
   355 | D:3      | Found a sacrificial altar of Ru.
   677 | D:3      | Noticed Terence
   702 | D:3      | Killed Terence
   702 | D:3      | Reached skill level 3 in Axes
   702 | D:3      | Reached XP level 3. HP: 25/34 MP: 3/3
   767 | D:3      | Found a glowing drain.
   911 | D:4      | Reached XP level 4. HP: 40/42 MP: 4/4
   951 | D:4      | Reached skill level 4 in Axes
   951 | D:4      | Reached XP level 5. HP: 37/49 MP: 5/5
  1160 | D:4      | Noticed an ogre
  1169 | D:4      | Killed an ogre
  1169 | D:4      | Reached XP level 6. HP: 27/57 MP: 5/5
  1290 | D:4      | Reached skill level 5 in Axes
  1566 | D:5      | Entered Level 5 of the Dungeon
  1581 | D:5      | Found an opulent altar of Gozag.
  1685 | D:5      | Found a staircase to the Ecumenical Temple.
  1694 | Temple   | Entered the Ecumenical Temple
  1744 | Temple   | Became a worshipper of Makhleb the Destroyer
  1783 | D:5      | Reached XP level 7. HP: 55/64 MP: 6/6
  2168 | D:6      | Found a shadowy altar of Dithmenos.
  2190 | D:6      | Reached skill level 5 in Armour
  2190 | D:6      | Reached skill level 5 in Shields
  2190 | D:6      | Reached skill level 1 in Invocations
  2193 | D:6      | Reached skill level 6 in Axes
  2315 | D:6      | Reached * piety under Makhleb
  2804 | D:6      | Found a glowing silver altar of Zin.
  2804 | D:6      | Found a glowing golden altar of the Shining One.
  2804 | D:6      | Found a white marble altar of Elyvilon.
  2942 | D:7      | Found an ancient bone altar of Kikubaaqudgha.
  3026 | D:7      | Reached XP level 8. HP: 59/73 MP: 6/8
  3068 | D:7      | Reached skill level 7 in Axes
  3069 | D:7      | Reached ** piety under Makhleb
  3143 | D:7      | Noticed a hippogriff
  3161 | D:7      | Killed a hippogriff
  3161 | D:7      | Reached skill level 5 in Fighting
  3209 | D:7      | Reached skill level 8 in Axes
  3374 | D:7      | Gained mutation: You passively map the area around you.
                  | [Deep Dwarf growth]
  3374 | D:7      | Reached XP level 9. HP: 58/81 MP: 10/10
  3543 | D:7      | Found Hochausi's Armour Shop.
  3546 | D:7      | Bought a +1 kite shield of protection for 214 gold pieces
  3921 | D:8      | Noticed Grum
  3930 | D:8      | Reached skill level 5 in Invocations
  3961 | D:8      | Killed Grum
  3961 | D:8      | Reached skill level 9 in Axes
  4055 | D:8      | Reached *** piety under Makhleb
  4610 | D:8      | Reached XP level 10. HP: 82/91 MP: 11/11
  4977 | D:9      | Found a staircase to the Lair.
  5037 | D:9      | Noticed Maurice
  5052 | D:9      | Killed Maurice
  5052 | D:9      | Reached skill level 10 in Axes
  5073 | D:9      | Noticed Erica
  5102 | D:9      | Killed Erica
  5214 | D:9      | Found a staircase to the Orcish Mines.
  5340 | D:9      | Noticed Harold
  5364 | D:9      | Killed Harold
  5491 | D:9      | Found a blossoming altar of Fedhas.
  5602 | D:10     | Entered Level 10 of the Dungeon
  5698 | D:10     | Reached skill level 11 in Axes
  5735 | D:10     | Reached **** piety under Makhleb
  5850 | D:10     | Reached XP level 11. HP: 98/99 MP: 13/13
  5926 | D:10     | Noticed a centaur warrior
  5944 | D:10     | Killed a centaur warrior
  6301 | D:11     | Noticed Fannar
  6377 | D:11     | Killed Fannar
  6405 | D:11     | Noticed Urug
  6426 | D:11     | Killed Urug
  6543 | D:11     | Reached skill level 12 in Axes
  6683 | D:11     | Found Otzoar's Assorted Antiques.
  6686 | D:11     | Bought a scroll labeled NUB KIFEHUPHAC for 31 gold pieces
  6832 | D:11     | Found a runed translucent gate.
  6832 | D:11     | Found a runed translucent gate.
  6832 | D:11     | Found a runed translucent gate.
  6832 | D:11     | Found an opulent altar of Gozag.
  6833 | D:11     | Noticed Sassenached's ghost (novice DrWn)
  6840 | D:11     | Noticed an ice dragon
  7285 | D:12     | Found a flagged portal.
  7297 | Bailey   | Entered a bailey
  7297 | Bailey   | Noticed an orc knight
  7330 | Bailey   | Killed an orc knight
  7366 | Bailey   | Got a shimmering chain mail
  7376 | Bailey   | Identified the +2 chain mail of Beoboaf {rPois rN+ Slay+2}
                  | (You found it in a bailey)
  7528 | D:12     | Noticed a deep elf mage
  7535 | D:12     | Noticed Rupert
  7557 | D:12     | Killed a deep elf mage
  7557 | D:12     | Reached ***** piety under Makhleb
  7557 | D:12     | Reached skill level 1 in Evocations
  7557 | D:12     | Noticed a cyan ugly thing
  7569 | D:12     | Paralysed by Rupert for 2 turns
  7589 | D:12     | Killed a cyan ugly thing
  7589 | D:12     | Reached XP level 12. HP: 110/110 MP: 13/13
  7598 | D:12     | Killed Rupert
  7854 | Orc:1    | Entered Level 1 of the Orcish Mines
  8111 | Orc:2    | Entered Level 2 of the Orcish Mines
  8128 | Orc:2    | Reached skill level 13 in Axes
  8154 | Orc:2    | Reached skill level 10 in Invocations
  8184 | Orc:2    | Reached skill level 10 in Shields
  8294 | Orc:2    | Found a staircase to the Elven Halls.
  8445 | Orc:2    | Reached skill level 10 in Armour
  8570 | Orc:2    | Noticed an orc high priest
  8615 | Orc:2    | Killed from afar by an orc sorcerer

Illustrated notes

Levels and vault maps discovered:
D:1:      dpeg_arrival_rooms_b, layout_basic, st_stairs_8
D:2:      layout_basic, nicolae_qazlal_general_emergency, kennysheep_donut
D:3:      layout_loops_cross, chequers_temple_overflow_minitemple,
          portal_sewer_entry_a, fedhas_altar_2, uniq_terence
D:4:      layout_loops_ring
D:5:      layout_basic, grunt_gozag_breadcrumbs, minmay_temple_entry_mini_moons
D:6:      layout_loops_ring, good_gods_mini_temple, minmay_misc_feat_columns,
          minmay_misc_feat_encased, serial_bayou_pond_c,
          nicolae_dithmenos_shadow_blocks
D:7:      layout_loops_ring, nicolae_overflow_hidden_temple, serial_shops,
          kennysheep_mini
D:8:      layout_basic, uniq_grum
D:9:      layout_roguey, david_lair_shrubbed, david_orc_2, basic_altar,
          uniq_maurice, uniq_erica, uniq_harold
D:10:     layout_roguey, hangedman_decor_diamond_cutter
D:11:     layout_stronghold, serial_shops, kennysheep_mini_moat,
          ebering_ghost_gozag, uniq_urug, uniq_fannar
D:12:     layout_cave_pools, enter_bailey_2, uniq_rupert
Temple:   jpeg_temple_clearing
Orc:1:    layout_diamond_mine
Orc:2:    st_orc_congregation, layout_diamond_mine, special_room

Skill      XL: |  1  2  3  4  5  6  7  8  9 10 11 12 |
---------------+-------------------------------------+-----
Fighting       | 3 4 5 6 7 8 |  8.4
Axes           | 3 4 5 6 8 9 11 12 13 | 13.3
Shields        | 4 5 6 7 8 9 10 | 10.1
Armour         | 4 5 6 7 8 9 10 | 10.1
Invocations    | 2 4 6 8 9 10 | 10.3
Evocations     | 1 4 |  4.2

Action                   |  1- 3 |  4- 6 |  7- 9 | 10-12 || total
-------------------------+-------+-------+-------+-------++-------
Melee: War axe           |    89 |   142 |   494 |   770 ||  1495
Invok: Lesser Servant of |       |       |       |     3 ||     3
 Abil: Heal Wounds       |     1 |     4 |     4 |    29 ||    38
Evoke: Wand              |       |       |       |     1 ||     1
       Condenser vane    |       |       |       |     2 ||     2
  Use: Scroll            |       |       |       |    17 ||    17
 Stab: Paralysed         |       |       |       |     5 ||     5
Armor: Scale mail        |    37 |       |       |       ||    37
       Chain mail        |    17 |    83 |   276 |   187 ||   563
       Plate armour      |       |       |       |   197 ||   197
Dodge: Dodged            |    29 |    38 |   119 |   190 ||   376
       Repelled          |       |       |       |     2 ||     2
Block: Kite shield       |    60 |    90 |   345 |   546 ||  1041

Table legend: (Time is in decaauts)
 A = Elapsed time spent in this place.
 B = Non-inter-level travel time spent in this place.
 C = Inter-level travel time spent in this place.
 D = Time resting spent in this place.
 E = Time spent auto-exploring this place.
 F = Levels seen in this place.
 G = Mean time per level.
                   A        B        C        D        E       F      G
               +--------+--------+--------+--------+--------+-----+--------+
         Total |   8755 |   8235 |    520 |     23 |   5626 |  16 |  547.2 |
       Dungeon |   7797 |   7316 |    481 |      0 |   5226 |  12 |  649.8 |
        Temple |     64 |     36 |     28 |      0 |     33 |   1 |   64.0 |
  Orcish Mines |    731 |    721 |     10 |     23 |    367 |   2 |  365.5 |
        Bailey |    161 |    161 |      0 |      0 |      0 |   1 |  161.0 |
               +--------+--------+--------+--------+--------+-----+--------+

Top non-repeatable levels by time:
     D:8: 1197 daAuts
    D:11: 918 daAuts
     D:6: 809 daAuts
     D:3: 794 daAuts
     D:7: 782 daAuts
     D:9: 774 daAuts
     D:4: 709 daAuts
    D:10: 670 daAuts
     D:5: 539 daAuts
   Orc:2: 481 daAuts
    D:12: 455 daAuts
   Orc:1: 250 daAuts
  Bailey: 161 daAuts
     D:1: 88 daAuts
  Temple: 64 daAuts
